AoeStats
← ArchiDrum

Arena

509725786Analyzed
1v1 RM · 4d ago on Sep 27, 2026· 46m 11s· 2 players
Game mode
Random Map
Map size
Tiny (2 player)
Population
200
Speed
Normal
Resources
Standard
Victory
Conquest
Starting age
Dark Age
Ending age
Imperial Age
RankedLock teamsTeams togetherTeam positionsShared explorationLock speedFull tech treeHidden civsTurbo modeCheats
Victory
Defeat
🇹🇷 Cumans · Türkiye
1031
+14
🇨🇿 Italians · Czechia
997
-14
ArchiDrum
11:06 Feudal Age
15:22 Castle Age
13:32 Horse Collar
14:16 Double-Bit Axe
14:41 Fletching
15:13 Stone Mining
15:35 Padded Archer Armor
15:38 Scale Mail Armor
16:21 Bow Saw
17:33 Loom
19:18 Wheelbarrow
23:04 Fervor
23:23 Gold Mining
27:03 Hand Cart
27:54 Town Watch
32:46 Imperial Age
30:24 Bodkin Arrow
30:45 Leather Archer Armor
30:32 Scale Mail Armor
30:43 Forging
32:18 Heavy Plow
32:31 Squires
32:16 Arson
33:18 Stone Shaft Mining
34:07 Chain Mail Armor
34:28 Iron Casting
36:34 Chemistry
35:55 Ballistics
35:46 Masonry
35:33 Murder Holes
36:41 Plate Mail Armor
37:12 Blast Furnace
37:22 Conscription
38:26 Elite Genoese Crossbowman
41:25 Bracer
42:02 Pikeman
47:03 Architecture
46:45 Fortified Wall
Scorpion
7:39 Loom
9:39 Feudal Age
10:35 Horse Collar
10:40 Double-Bit Axe
12:31 Wheelbarrow
22:07 Castle Age
21:34 Gold Mining
21:35 Stone Mining
22:35 Padded Archer Armor
22:25 Fletching
24:07 Thumb Ring
24:19 Leather Archer Armor
24:00 Bodkin Arrow
25:11 Bow Saw
27:53 Imperial Age
25:26 Elite Skirmisher
27:08 Gold Shaft Mining
26:35 Heavy Plow
28:12 Bloodlines
29:10 Ring Archer Armor
29:07 Ballistics
28:16 Light Cavalry
30:16 Two-Man Saw
29:32 Scale Barding Armor
30:31 Hussar
31:58 Chain Barding Armor
32:08 Cavalier
33:22 Scale Mail Armor
34:00 Plate Barding Armor
34:52 Forging
35:24 Paladin
36:51 Hand Cart
38:21 Iron Casting
38:47 Crop Rotation
40:26 Man-at-Arms
43:57 Blast Furnace
42:31 Long Swordsman
44:28 Chemistry
45:22 Steppe Husbandry
Connection lost

Rejoining the realm…

Still unreachable

The connection could not be restored.

Session expired

The server has moved on; the page needs a fresh start.